 Dungeon Crawl Stone Soup version 0.27-a0-965-gbf8bb431c4 (webtiles) character file.

Game seed: 15423649142823603571

375 spiderkeys the Digger (level 6, -1/56 HPs)
             Began as a Deep Dwarf Earth Elementalist on Apr 12, 2021.
             Slain by a water moccasin zombie (4 damage)
             ... in an ossuary.
             The game lasted 00:09:51 (3610 turns).

spiderkeys the Digger (DDEE)                        Turns: 3610, Time: 00:09:52

Health: -1/56      AC:  3    Str: 12    XL:     6   Next: 44%
Magic:  0/10       EV: 13    Int: 17    God:
Gold:   120        SH:  0    Dex: 13    Spells: 5/11 levels left

rFire    + . .     SeeInvis .   a - +0 war axe
rCold    + . .     Faith    .   (no shield)
rNeg     . . .     Spirit   .   c - +0 robe
rPois    .         Reflect  .   i - +0 helmet
rElec    .         Harm     .   g - scarf {rC+ rF+}
rCorr    .         Rampage  .   (no gloves)
Will     .....                  (no boots)
Stlth    ++........             (no amulet)
HPRegen  0.00/turn              (no ring)
MPRegen  0.12/turn              (no ring)

@: non-regenerating
A: damage resistance, heal wounds, sense surroundings 1, no regeneration
a: Heal Wounds


You were in an ossuary.
You visited 1 branch of the dungeon, and saw 4 of its levels.
You also visited: Ossuary.

You collected 120 gold pieces.

Inventory:

Hand Weapons
 a - a +0 war axe (weapon)
Armour
 c - a +0 robe (worn)
 g - a scarf of resistance (worn)
 i - a +0 helmet (worn)
Wands
 f - a wand of acid (1)
Scrolls
 e - 2 scrolls of vulnerability {unknown}
 h - a scroll of identify {unknown}
 j - a scroll of enchant weapon {unknown}
 k - a scroll of enchant armour {unknown}
 l - a scroll of blinking {unknown}
Potions
 b - a potion of heal wounds {unknown}


   Skills:
 * Level 3.5 Fighting
 + Level 3.8 Dodging
 - Level 2.4 Stealth
 + Level 3.0 Spellcasting
 - Level 0.8 Transmutations
 + Level 5.6 Earth Magic


You had 5 spell levels left.
You knew the following spells:

 Your Spells              Type           Power      Damage    Failure   Level
a - Sandblast             Erth           42%        2d11      1%          1
b - Passwall              Tmut/Erth      10%        N/A       7%          2
c - Stone Arrow           Conj/Erth      24%        3d8       17%         3

Your spell library contained the following spells:

 Spells                   Type           Power      Damage    Failure   Level
 Petrify                  Tmut/Erth      13%        N/A       43%         4
 Lee's Rapid Deconstruct  Erth           10%        3d9*      43%         5


Dungeon Overview and Level Annotations

Branches:
Dungeon (4/15)            Ossuary (1/1)
 Temple: D:4-7

Altars:
Dithmenos


Innate Abilities, Weirdness & Mutations

You are resistant to damage.
You can heal yourself by infusing magical energy.
You passively map a small area around you.
You do not regenerate.


Message History

* * * LOW HITPOINT WARNING * * *
You barely miss the water moccasin zombie.
The water moccasin zombie is lightly damaged.
The water moccasin zombie barely misses you.
The water moccasin zombie closely misses you.
You hit the water moccasin zombie but do no damage.
The water moccasin zombie is lightly damaged.
The water moccasin zombie closely misses you.
You barely miss the water moccasin zombie.
The water moccasin zombie is lightly damaged.
The water moccasin zombie misses you.
The water moccasin zombie bites you but does no damage.
You barely miss the water moccasin zombie.
The water moccasin zombie is lightly damaged.
The water moccasin zombie bites you.
* * * LOW HITPOINT WARNING * * *
The water moccasin zombie bites you.
* * * LOW HITPOINT WARNING * * *
Your magical contamination has completely faded away.
You slash the water moccasin zombie!
The water moccasin zombie is moderately damaged.
The water moccasin zombie misses you.
The water moccasin zombie closely misses you.
You barely miss the water moccasin zombie.
The water moccasin zombie is moderately damaged.
The water moccasin zombie barely misses you.
The water moccasin zombie bites you.
* * * LOW HITPOINT WARNING * * *
You barely miss the water moccasin zombie.
The water moccasin zombie is moderately damaged.
The water moccasin zombie misses you.
Casting: Stone Arrow (dangerous; 17% risk of failure)
Confirm with . or Enter, or press ? or * to list all spells.
Aiming: Stone Arrow (dangerous; 17% risk of failure)
Press: ? - help, Shift-Dir - straight line, f/p - kobold zombie
Aim: a kobold zombie (19% to evade)
The stone arrow hits the water moccasin zombie!
The water moccasin zombie is severely damaged.
The water moccasin zombie bites you.
You die...

################## *##
#...#^.^#^...#...#,^∩#
#^..'^^.'^^.^'..^#.^.#
#.^.#^^^#.^.^#^.@ZZ..#
###'###############+##
#.^.# #^^.# ^^ #.^.#
#^..# ,, #'### * #.^^#
, #^..#


You could see a water moccasin zombie and a kobold zombie.

Vanquished Creatures
  2 water moccasin zombies (Ossuary)
  An orc priest (D:4)
  A centaur skeleton (D:2)
  Robin (D:2)
  3 gnolls (D:3)
  6 adders
  An ufetubus (D:2)
  3 adder zombies (Ossuary)
  2 worms
  3 dart slugs
  An orc (D:3)
  5 ball pythons
  3 bats
  4 endoplasms
  2 giant cockroaches
  A gnoll zombie (Ossuary)
  11 goblins
  10 hobgoblins
  8 jackals
  3 quokkas
  4 frilled lizards
  2 hobgoblin zombies (Ossuary)
  5 kobolds
  2 kobold zombies (Ossuary)
  An orc zombie (Ossuary)
  8 rats
93 creatures vanquished.

Notes
Turn   | Place    | Note
-------+----------+-------------------------------------------
     0 | D:1      | spiderkeys the Deep Dwarf Earth Elementalist began the
                  | quest for the Orb.
     0 | D:1      | Reached XP level 1. HP: 15/15 MP: 3/3
   109 | D:1      | Reached XP level 2. HP: 22/24 MP: 1/4
   143 | D:1      | Reached skill level 1 in Fighting
   346 | D:1      | Found a faded altar of an unknown god.
   500 | D:1      | Reached XP level 3. HP: 27/31 MP: 0/6
  1217 | D:2      | Reached XP level 4. HP: 30/39 MP: 0/7
  1409 | D:2      | Noticed Robin
  1451 | D:2      | Learned a level 2 spell: Passwall
  1949 | D:2      | Killed Robin
  1977 | D:2      | Reached XP level 5. HP: 19/46 MP: 1/8
  2410 | D:3      | Found a shadowy altar of Dithmenos.
  2439 | D:3      | Reached skill level 5 in Earth Magic
  2822 | D:3      | Learned a level 3 spell: Stone Arrow
  3216 | D:4      | Found a sand-covered staircase.
  3223 | Ossuary  | Entered an ossuary
  3433 | Ossuary  | Reached XP level 6. HP: 28/56 MP: 2/10
  3610 | Ossuary  | Slain by a water moccasin zombie

Illustrated notes

Levels and vault maps discovered:
D:1:      eino_arrival_water_cross, layout_basic,
          shapermc_ecumenical_altar_mp_urbaneastern
D:2:      minmay_spotlight, layout_basic, uniq_robin
D:3:      layout_basic, grunt_dithmenos_smoke, grunt_decor_mini_mirrors
D:4:      layout_loops_ring, lemuel_tele_altar,
          chequers_temple_overflow_statue_of_worship,
          minmay_temple_entry_antechambers,
          nicolae_ossuary_entry_false_entrances
Ossuary:  ossuary_tomb_2

Skill      XL: |  1  2  3  4  5  6 |
---------------+-------------------+-----
Fighting       | 1 2 3 |  3.5
Spellcasting   | 2 3 |  3.0
Dodging        | 3 |  3.8
Earth Magic    | 5 |  5.6
Stealth        | |  2.4
Transmutations | |  0.8

Action                   |  1- 3 |  4- 6 || total
-------------------------+-------+-------++-------
Melee: War axe           |    11 |    68 ||    79
 Cast: Sandblast         |    48 |    58 ||   106
       Stone Arrow       |       |    14 ||    14
       Passwall          |       |     2 ||     2
 Abil: Heal Wounds       |       |     1 ||     1
Evoke: Wand              |       |     6 ||     6
  Use: Potion            |       |     1 ||     1
 Stab: Sleeping          |       |     1 ||     1
Armor: Robe              |     4 |    17 ||    21
Dodge: Dodged            |    20 |    79 ||    99

Table legend: (Time is in decaauts)
 A = Elapsed time spent in this place.
 B = Non-inter-level travel time spent in this place.
 C = Inter-level travel time spent in this place.
 D = Time resting spent in this place.
 E = Time spent auto-exploring this place.
 F = Levels seen in this place.
 G = Mean time per level.
                   A        B        C        D        E       F      G
               +--------+--------+--------+--------+--------+-----+--------+
         Total |   3648 |   3479 |    169 |    276 |   2564 |   5 |  729.6 |
       Dungeon |   3234 |   3065 |    169 |      0 |   2564 |   4 |  808.5 |
       Ossuary |    413 |    413 |      0 |    276 |      0 |   1 |  413.0 |
               +--------+--------+--------+--------+--------+-----+--------+

Top non-repeatable levels by time:
     D:2: 1453 daAuts
     D:3: 906 daAuts
     D:1: 853 daAuts
 Ossuary: 413 daAuts
     D:4: 21 daAuts
